 Dungeon Crawl Stone Soup version 0.24.0-13-gcf9b3192b9 (webtiles) character file.

Game seed: 5612324444125715050, levelgen mode: deterministic

1369 KarmaPolice the Covert (level 8, -6/43 HPs)
             Began as a Vine Stalker Assassin on Nov 10, 2019.
             Was a Believer of Wu Jian.
             Mangled by an ogre
             ... wielding a +0 giant club
              (13 damage)
             ... on level 5 of the Dungeon.
             The game lasted 00:14:24 (4403 turns).

KarmaPolice the Covert (Vine Stalker Assassin)      Turns: 4403, Time: 00:14:25

Health: -6/43      AC:  4    Str: 16    XL:     8   Next: 65%
Magic:  0/9        EV: 11    Int: 11    God:    Wu Jian [**....]
Gold:   245        SH:  0    Dex: 16    Spells: 7/7 levels left

rFire    . . .     SeeInvis .   J - +1 whip (flame)
rCold    . . .     Gourm    .   (no shield)
rNeg     . . .     Faith    .   b - +0 robe
rPois    .         Spirit   +   t - +0 helmet (curse)
rElec    .         Reflect  .   y - scarf {repulsion}
rCorr    .         Harm     .   (no gloves)
MR       +....                  H - +0 pair of boots
Stlth    ++++......             (no amulet)
HPRegen  0.54/turn              (no ring)
MPRegen  0.11/turn              (no ring)

@: repel missiles
A: fangs 3, regeneration 1, magic shield, antimagic bite, no potion heal 3, rot
immunity
a: Wall Jump, Renounce Religion


You were on level 5 of the Dungeon.
You worshipped Wu Jian.
Wu Jian was pleased with you.
You were not hungry.

You visited 1 branch of the dungeon, and saw 5 of its levels.

You collected 245 gold pieces.

Inventory:

Hand Weapons
 a - a +2 dagger
 d - a +2 flail of holy wrath
 z - a +0 hand axe
 J - a +1 whip of flaming (weapon)
Missiles
 e - 2 curare-tipped darts
 x - 2 boomerangs
 D - 4 poisoned darts (quivered)
Armour
 b - a +0 robe (worn)
 c - a +0 cloak
 t - a cursed +0 helmet (worn)
 v - cursed +0 fire dragon scales
 y - a scarf of repulsion (worn)
 H - a +0 pair of boots (worn)
Jewellery
 w - an uncursed amulet of the gourmand {unknown}
 A - an uncursed ring of protection from fire {unknown}
Scrolls
 g - 2 scrolls of random uselessness {unknown}
 h - 2 scrolls of blinking {unknown}
 i - 3 scrolls of teleportation {unknown}
 m - a scroll of immolation {unknown}
 n - a scroll of identify {unknown}
 q - a scroll of magic mapping {unknown}
 B - 3 scrolls of fear {unknown}
 E - a scroll of enchant weapon {unknown}
Potions
 j - 3 potions of might {unknown}
 k - a potion of resistance {unknown}
 l - 3 potions of flight {unknown}
 o - 4 potions of agility {unknown}
 p - a potion of magic {unknown}
 r - 2 potions of curing
 s - a potion of degeneration {unknown}
 u - 2 potions of brilliance {unknown}
 C - 2 potions of lignification {unknown}
 F - a potion of ambrosia {unknown}
 G - a potion of haste {unknown}
Comestibles
 f - 12 rations


   Skills:
 + Level 5.3 Fighting
 - Level 1.7 Short Blades
 + Level 3.9 Axes
 + Level 5.3 Throwing
 - Level 0.7 Dodging
 - Level 8.0 Stealth


You had 7 spell levels left.
You didn't know any spells.
Your spell library was empty.

Dungeon Overview and Level Annotations

Branches:
Dungeon (5/15)
 Temple: D:4-7

Altars:
Dithmenos
Fedhas
Sif Muna
Vehumet
Wu Jian
Zin
The Shining One

Shops:
D:5 *


Innate Abilities, Weirdness & Mutations

You have razor-sharp teeth.
Your natural rate of healing is unusually fast.
When hurt, damage is shared between your health and your magic reserves.
Your bite disrupts and absorbs the magic of your enemies.
Potions cannot restore your health.
You are immune to rotting.


Message History

You bite the ogre, but do no damage.
The ogre is lightly wounded.
The ogre hits you with a +0 giant club!!
The ogre shouts!
Okay, then.
Okay, then.
You lunge at the ogre.
You hit the ogre. You burn the ogre. Your bite misses the ogre.
The ogre is lightly wounded.
The ogre hits you with a +0 giant club!!
* * * LOW HITPOINT WARNING * * *
There is an open door, spattered with blood here.
Aiming: Wall Jump
Press: ? - help, Dir - move target cursor Please select an adjacent position to wall jump against.
You spin and attack the ogre.
You hit the ogre. You burn the ogre. You bite the ogre! You drain its power.
You feel invigorated.
The ogre is heavily wounded.
The ogre hits you with a +0 giant club!!
You die...

<####..###.#.###..#.#.#
#.#
............#.....##.#.#
#.#
.########..###.#####...#
#.# #....O.# #..## #.#
##'##.### #..# #.#
##.....# ####..####.#
##.....## #..........#
##.......## #...#.##..##
#........@###.....##..#
+........O'O.J.....#..#
#....>....###....#.#..#
# #.......## #.........#
. ##.....## #.####.#.##
. ##...## #.. .....# .
##'## ######.### . #.#
#.# . #.# #.#


You could see 2 ogres and an ooze.

Vanquished Creatures
  Pikel (D:4)
  Sigmund (D:4)
  Edmund (D:4)
  A slave (D:4)
  2 ogres (D:4)
  A howler monkey (D:4)
  Crazy Yiuf (D:2)
  An orc priest (D:3)
  5 orc wizards
  An iguana (D:4)
  A worker ant (D:5)
  A hound skeleton (D:4)
  7 adders
  A shadow imp (D:4)
  2 worms
  A dart slug (D:3)
  4 leopard geckos
  6 orcs
  14 bats
  8 giant cockroaches
  10 goblins
  6 hobgoblins
  5 jackals
  8 kobolds
  4 quokkas
  4 ball pythons
  10 frilled lizards
  10 rats
117 creatures vanquished.

Notes
Turn   | Place    | Note
-------+----------+-------------------------------------------
     0 | D:1      | KarmaPolice the Vine Stalker Assassin began the quest for
                  | the Orb.
     0 | D:1      | Reached XP level 1. HP: 11/11 MP: 2/2
   368 | D:1      | Reached skill level 5 in Stealth
   415 | D:1      | Reached XP level 2. HP: 15/15 MP: 3/3
   899 | D:1      | Reached XP level 3. HP: 18/18 MP: 4/4
  1403 | D:2      | Found a blossoming altar of Fedhas.
  1403 | D:2      | Found an ornate altar of the Wu Jian Council.
  1407 | D:2      | Became a worshipper of the Wu Jian Council
  1440 | D:2      | Gained mutation: Your natural rate of healing is unusually
                  | fast. [Vine Stalker growth]
  1440 | D:2      | Reached XP level 4. HP: 23/23 MP: 5/5
  1563 | D:2      | Found a glowing silver altar of Zin.
  1563 | D:2      | Found a glowing golden altar of the Shining One.
  1867 | D:2      | Found a runed translucent door.
  1868 | D:2      | Noticed Crazy Yiuf
  2146 | D:2      | Killed Crazy Yiuf
  2146 | D:2      | Reached skill level 6 in Stealth
  2146 | D:2      | Reached XP level 5. HP: 28/28 MP: 6/6
  2247 | D:3      | Reached * piety under Wu Jian
  2770 | D:3      | Found a shimmering blue altar of Sif Muna.
  2771 | D:3      | Found a radiant altar of Vehumet.
  2915 | D:4      | Reached XP level 6. HP: 32/32 MP: 7/7
  3154 | D:4      | Reached skill level 1 in Axes
  3223 | D:4      | Reached ** piety under Wu Jian
  3525 | D:4      | Reached skill level 7 in Stealth
  3525 | D:4      | Reached XP level 7. HP: 37/37 MP: 8/8
  3886 | D:4      | Noticed Pikel
  3891 | D:4      | Killed Pikel
  3891 | D:4      | Reached skill level 8 in Stealth
  3891 | D:4      | Gained mutation: You have razor-sharp teeth. [Vine Stalker
                  | growth]
  3891 | D:4      | Reached XP level 8. HP: 42/42 MP: 9/9
  4027 | D:4      | Noticed Edmund
  4067 | D:4      | Killed Edmund
  4067 | D:4      | Reached skill level 5 in Fighting
  4067 | D:4      | Reached skill level 5 in Throwing
  4119 | D:4      | Noticed Sigmund
  4122 | D:4      | Killed Sigmund
  4166 | D:4      | Found a shadowy altar of Dithmenos.
  4192 | D:5      | Entered Level 5 of the Dungeon
  4193 | D:5      | Found Siexod's Assorted Antiques.
  4403 | D:5      | Mangled by an ogre

Levels and vault maps discovered:
D:1:      lemuel_arrival_broad_hall, layout_loops_corners, minmay_distorted
D:2:      layout_loops_ring, gammafunk_temple_overflow_elements,
          chequers_temple_overflow_statue_of_worship, uniq_crazy_yiuf_cottage
D:3:      layout_basic, gammafunk_temple_overflow_statue, palyth_stone_intersect
D:4:      layout_cave_pools, grunt_dithmenos_shadows, roderic_cross_of_infinity,
          sigmund_edmund_badplayer, uniq_pikel
D:5:      layout_loops_corners, first_ration, serial_shops, shop, shop, shop,
          nicolae_shop_trees, nicolae_shop_crystal, serial_bayou_pond_b,
          nemelex_dance_club_becter

Skill      XL: |  1  2  3  4  5  6  7  8 |
---------------+-------------------------+-----
Stealth        | 5 6 7 8 |  8.0
Fighting       | 2 3 4 5 |  5.3
Throwing       | 2 3 4 5 |  5.3
Axes           | 1 3 |  3.9
Short Blades   | |  1.7
Dodging        | |  0.7

Action                   |  1- 3 |  4- 6 |  7- 9 || total
-------------------------+-------+-------+-------++-------
Melee: Dagger            |    80 |   182 |    52 ||   314
       Bite              |    15 |    48 |    23 ||    86
       Whip              |       |       |    26 ||    26
Throw: Dart              |       |    27 |    13 ||    40
Invok: Lunge             |     1 |    22 |     6 ||    29
       Whirlwind         |       |     3 |    10 ||    13
 Stab: Sleeping          |    17 |    11 |     5 ||    33
  Eat: Chunk             |     2 |     6 |     3 ||    11
Armor: Robe              |    28 |    44 |     9 ||    81
Dodge: Dodged            |    40 |   106 |    26 ||   172
       Deflected         |       |       |     1 ||     1
